 Dungeon Crawl Stone Soup version 0.32-a0-938-g40ac7a0f4d (webtiles) character file.

Game seed: 1706742944379259284

154555 Ahpoh the Peltast (level 18, -31/130 HPs)
             Began as a Formicid Fighter on Apr 12, 2024.
             Was the Champion of Okawaru.
             Annihilated by an alligator snapping turtle (33 damage)
             ... on level 4 of the Shoals on Apr 15, 2024.
             The game lasted 02:35:29 (29615 turns).

Ahpoh the Peltast (Formicid Fighter)               Turns: 29615, Time: 02:35:29

Health: -31/130    AC: 27    Str: 22    XL:     18   Next: 25%
Magic:  25/25      EV:  7    Int:  9    God:    Okawaru [******]
Gold:   1862       SH: 30    Dex: 22    Spells: 17/17 levels left

rFire   + . .        N - +4 great sword (drain)
rCold   + + .        d - +2 tower shield
rNeg    . . .        P - +2 crystal plate armour {rC+}
rPois   .            (helmet unavailable)
rElec   .            o - scarf {rC+ rF+}
rCorr   .            K - +0 pair of fencer's gloves {Riposte Dex+3}
SInv    +            v - +0 pair of boots
Will    +....        k - amulet of reflection Stlth
                     l - +4 ring of slaying
HPRegen 0.41/turn    J - ring of flight
MPRegen 0.19/turn

%: reflection
@: flying, studying Ice Magic
A: permanent stasis, dig shafts and tunnels, antennae 3, four strong arms, frail
1, no potion heal 1
a: Dig, Shaft Self, Renounce Religion, Heroism, Finesse, Duel, Receive Weapon,
Receive Armour


You were on level 4 of the Shoals.
You worshipped Okawaru.
Okawaru was exalted by your worship.
You visited 6 branches of the dungeon, and saw 25 of its levels.
You also visited: Ice Cave.

You collected 2801 gold pieces.
You spent 939 gold pieces at shops.

Inventory:

Hand Weapons
 u - a +6 double sword
 N - a +4 great sword of draining (weapon)
 X - a +2 spear of venom
Missiles
 a - 3 datura-tipped darts
 n - 16 javelins (quivered)
 p - 3 darts of dispersal
 O - 8 curare-tipped darts
 R - 11 atropa-tipped darts
 T - 103 poisoned darts
 U - 6 throwing nets
Armour
 d - a +2 tower shield (worn)
 o - a scarf of resistance (worn)
 v - a +0 pair of boots (worn)
 K - the +0 pair of fencer's gloves (worn) {Riposte Dex+3}
   (You bought it in a shop on level 7 of the Dungeon)

   Riposte:   It allows the wearer to riposte with melee weapons, swiftly
   retaliating against missed or blocked melee attacks.
   Dex+3:     It affects your dexterity (+3).
 P - a +2 crystal plate armour of cold resistance (worn)
Jewellery
 h - a ring of positive energy
 k - an amulet of reflection (around neck)
 l - a +4 ring of slaying (left hand)
 C - an amulet of regeneration
 J - a ring of flight (right hand)
 W - a ring of ice
 Z - a ring of willpower
Wands
 z - a wand of paralysis (33)
 A - a wand of digging (5)
 H - a wand of flame (25)
 I - a wand of light (18)
 L - a wand of polymorph (2)
 Q - a wand of roots (18)
Scrolls
 b - 3 scrolls of fear
 c - a scroll of silence
 g - 7 scrolls of noise
 j - 2 scrolls of poison
 q - a scroll of vulnerability
 s - 4 scrolls of revelation
 y - 2 scrolls of amnesia
 M - 6 scrolls of fog
 V - 3 scrolls of immolation
Potions
 f - 5 potions of brilliance
 i - 2 potions of invisibility {unknown}
 m - 2 potions of attraction {unknown}
 r - 3 potions of lignification
 t - 2 potions of ambrosia {unknown}
 x - 2 potions of degeneration {unknown}
 B - 2 potions of magic {unknown}
 D - a potion of enlightenment {unknown}
 F - 3 potions of cancellation
 G - 3 potions of mutation
 S - 5 potions of might
 Y - 3 potions of resistance
Miscellaneous
 e - a Gell's gravitambourine (2/2)


   Skills:
 * Level 13.6 Fighting
 * Level 17.7 Long Blades
 * Level 6.0 Throwing
 * Level 12.7 Armour
 * Level 10.0 Dodging
 * Level 18.9 Shields
 * Level 9.9 Invocations
 + Level 1.2 Evocations


You had 17 spell levels left.
You didn't know any spells.
Your spell library contained the following spells:

 Spells                   Type           Power      Damage    Failure   Level
 Apportation              Tloc           0%         N/A       100%        1
 Necrotise                Necr           0%         1d4       100%        1
 Sandblast                Erth           0%         2d4       100%        1
 Sting                    Conj/Alch      0%         1d3       100%        1
 Cigotuvi's Dreadful Rot  Necr/Alch/Air  0%         N/A       100%        2
 Mercury Vapours          Alch/Air       0%         N/A       100%        2
 Static Discharge         Conj/Air       0%         3-3/arc   100%        2
 Fugue of the Fallen      Necr           0%         N/A       100%        3
 Ozocubu's Armour         Ice            0%         N/A       100%        3
 Stone Arrow              Conj/Erth      0%         3d7       100%        3
 Airstrike                Air            0%         2d(0-16)  100%        4
 Brom's Barrelling Bould  Conj/Erth      0%         2d3       100%        4
 Dispel Undead            Necr           0%         3d6       100%        4
 Olgreb's Toxic Radiance  Alch           0%         N/A       100%        4
 Passage of Golubria      Tloc           0%         N/A       100%        4
 Borgnjor's Vile Clutch   Necr/Erth      0%         N/A       100%        5
 Yara's Violent Unravell  Hex/Alch       0%         3d3       100%        5
 Manifold Assault         Tloc           0%         N/A       100%        7
 Orb of Destruction       Conj           0%         9d5       100%        7
 Summon Small Mammal      Summ           Unusable   N/A       N/A         1
 Tukima's Dance           Hex            Unusable   N/A       N/A         3
 Animate Dead             Necr           Unusable   N/A       N/A         4
 Martyr's Knell           Necr/Summ      Unusable   N/A       N/A         4
 Summon Blazeheart Golem  Fire/Summ      Unusable   N/A       N/A         4
 Summon Lightning Spire   Summ/Air       Unusable   N/A       N/A         4
 Death Channel            Necr           Unusable   N/A       N/A         6
 Spellforged Servitor     Conj/Summ      Unusable   N/A       N/A         7

Dungeon Overview and Level Annotations

Branches:
Dungeon (12/15)            Temple (1/1) D:4            Lair (5/5) D:10
 Shoals (4/4) Lair:2       Spider (0/4) Lair:2        Slime (0/5) Lair:5
    Orc (2/2) D:11            Elf (1/3) Orc:2         IceCv (visited)

Altars:
Ashenzari
Cheibriados
Dithmenos
Elyvilon
Fedhas
Gozag
Hepliaklqana
Kikubaaqudgha
Makhleb
Nemelex Xobeh
Okawaru
Qazlal
Ru
Sif Muna
Trog
Uskayaw
Vehumet
Wu Jian
Xom
Yredelemnul
Zin
The Shining One
Beogh
Jiyva
Lugonu

Shops:
D:7 [   D:9 (   Orc:2 *([   Shoals:1 *

Portals:
Abyss: Shoals:1
Trove: D:10 (give +7 demon trident)

Annotations:
D:12 2 transporters, Vouseare's ghost, journeyman DrSh


Innate Abilities, Weirdness & Mutations

You cannot be hasted, slowed, berserked, paralysed or teleported.
You can dig through walls and to a lower floor.
You have a pair of large antennae on your head. (SInv)
Your four strong arms can wield two-handed weapons with a shield.
You are frail. (-10% HP)
Potions are less effective at restoring your health.


Message History

Aiming: Duel (16% risk of failure)
Press: ? - help, Dir - move target, f/p - alligator snapping turtle
Aim: an alligator snapping turtle (grey smoke)
You fail to use your ability.
You feel sick. You block the merfolk impaler's attack.
You block the alligator snapping turtle's attack.
Aiming: Duel (16% risk of failure)
Press: ? - help, Dir - move target, f/p - alligator snapping turtle
Aim: an alligator snapping turtle (grey smoke)
You fail to use your ability.
You feel sick.
You are no longer poisoned.
You block the alligator snapping turtle's attack.
You block the merfolk aquamancer's attack.
The merfolk impaler hits you from afar with a +0 trident of freezing.
* * * LOW HITPOINT WARNING * * *
The merfolk javelineer barely misses you.
Your system partially rejects the healing.
You feel much better.
The merfolk impaler hits you from afar with a +0 trident of freezing.
* * * LOW HITPOINT WARNING * * *
A merfolk impaler comes into view.
It is wielding a +7 trident of freezing.
You block the alligator snapping turtle's attack.
You block the merfolk impaler's attack.
The merfolk javelineer throws a silver javelin.
The silver javelin pierces through you.
* * * LOW HITPOINT WARNING * * *
The silver sears you!
* * * LOW HITPOINT WARNING * * *
You block the merfolk impaler's attack.
Your system partially rejects the healing.
You feel much better.
The merfolk aquamancer hits you with a +2 rapier of protection!
* * * LOW HITPOINT WARNING * * *
You block the merfolk impaler's attack.
The merfolk impaler hits you but does no damage.
You block the merfolk impaler's attack.
The merfolk javelineer throws a silver javelin.
The silver javelin barely misses you. You block the merfolk impaler's attack.
The alligator snapping turtle bites you from afar!!
You die...

.................
........................
..~~...~~#~###.[........
..~~...##### ....P...~
~~~~~###.# ~. #.....P~~
~~~~~##. .≈~. #....~~~~
~~~~~~##~ ~#~ ##§.§.~~~~
~~~~~## ≈♦~~Z##§§§§§~~~P
~~~~~# #~#m#~{#m@§t~~P~≈
≈~~~~##~~~≈~~{##§§m.~~~≈
≈≈~~~~## #~~~##mmm~~~~≈
≈≈≈~~~~### ###{{{§§~~~~~
≈≈≈≈≈≈~~~###~#~≈§§§~~~~~
≈≈≈≈≈≈≈~~~~~~~≈≈≈≈≈≈≈≈≈~
≈≈≈≈≈≈≈≈≈≈≈≈≈≈≈≈≈≈≈≈≈≈≈≈
≈≈≈≈≈≈≈≈≈≈≈≈≈≈≈≈≈≈≈≈≈≈≈≈
≈≈≈≈≈≈≈≈≈≈≈≈≈≈≈≈≈≈≈≈≈≈≈≈


You could see an alligator snapping turtle, 3 merfolk impalers, a merfolk
javelineer and a merfolk aquamancer.

Vanquished Creatures
  Jorgrun (Arena)
  Gastronok (D:9)
  A kraken (Shoals:2)
  A frost giant (IceCv)
  Louise (Shoals:2)
  2 eleionomae (Shoals:3)
  3 merfolk javelineers
  2 ettins
  Josephine (D:11)
  4 merfolk impalers
  Fannar (D:11)
  A fire dragon (D:11)
  2 ice dragons
  4 hydras
  A catoblepas (Lair:1)
  7 merfolk aquamancers
  2 ogre magi (Orc:1)
  A centaur warrior (Shoals:1)
  3 merfolk avatars
  3 boulder beetles
  2 alligator snapping turtles
  7 death yaks (IceCv)
  3 satyrs (Shoals:3)
  9 two-headed ogres
  A dancing weapon (Orc:2)
  Urug (Lair:3)
  Nergalle (Lair:2)
  6 skysharks
  Amaemon (Lair:2)
  2 deep trolls
  12 sea snakes
  A large abomination (Shoals:1)
  A lindwurm (Lair:5)
  2 orc knights
  3 harpies (Shoals:1)
  An orc sorcerer (Orc:1)
  2 shining eyes (Shoals:1)
  5 cyclopes
  2 wolf spiders (Lair:5)
  9 manticores
  14 elephants
  Maurice (D:11)
  17 fauns
  10 merfolk sirens
  2 worldbinders (Shoals:1)
  5 ugly things
  7 water nymphs
  7 black mambas
  An ice statue (IceCv)
  A kobold blastminer (Orc:1)
  2 apocalypse crabs (Shoals:1)
  A guardian serpent (Lair:5)
  Jeremiah (D:9)
  5 torpor snails (Lair:5)
  An orange demon (Lair:2)
  17 cane toads
  A freezing wraith (D:10)
  An unseen horror (D:12)
  3 kobold demonologists
  An efreet (D:9)
  9 komodo dragons
  Maggie (Lair:2)
  9 rime drakes
  14 trolls
  32 merfolk
  3 red devils (D:9)
  11 hornets
  6 wind drakes
  2 jumping spiders
  4 tyrant leeches (Lair:5)
  9 polar bears
  26 blink frogs
  2 dream sheep (Shoals:2)
  Sigmund (D:3)
  4 slime creatures
  4 snapping turtles (Shoals:1)
  12 wyverns
  55 yaks
  A shadow (D:11)
  16 water elementals
  6 wraiths
  A basilisk (Lair:5)
  Grum (D:9)
  2 redbacks
  8 vampire mosquitoes
  2 wargs (Orc:1)
  A steam dragon (D:9)
  An acid dragon (D:11)
  33 water moccasins
  17 orc warriors
  21 ogres
  2 black bears (D:10)
  An ice beast (D:4)
  22 wolves
  16 centaurs
  A centaur (shapeshifter) (D:11)
  25 kobold brigands
  17 bullfrogs
  3 gnoll sergeants (D:11)
  3 scorpions
  13 wights
  9 killer bees
  5 howler monkeys
  4 bombardier beetles
  A lava snake (D:7)
  A gnoll bouda (D:9)
  6 orc priests
  3 hounds
  2 jellies
  2 sleepcaps (D:6)
  Jessica (D:3)
  17 hell rats
  Ijyb (D:4)
  2 iguanas
  14 orc wizards
  Robin (D:5)
  6 adders
  13 gnolls
  2 shadow imps
  A white imp (D:6)
  2 ufetubi (D:6)
  4 dart slugs
  A ribbon worm (D:3)
  59 orcs
  11 ball pythons
  A bat (D:3)
  4 endoplasms
  2 giant cockroaches (D:1)
  9 goblins
  11 hobgoblins
  3 quokkas
  3 frilled lizards
  27 kobolds
  4 rats
  A tentacle (Shoals:2)
861 creatures vanquished.

Vanquished Creatures (others)
  A merfolk aquamancer (Shoals:3)
  A merfolk (Shoals:2)
  An orc wizard (Orc:1)
  8 tentacles
11 creatures vanquished.

Grand Total: 872 creatures vanquished

Notes
Turn   | Place    | Note
-------+----------+-------------------------------------------
     0 | D:1      | Ahpoh the Formicid Fighter began the quest for the Orb.
     0 | D:1      | Reached XP level 1. HP: 18/18 MP: 1/1
   210 | D:1      | Reached XP level 2. HP: 17/24 MP: 2/2
   916 | D:2      | Found a faded altar of an unknown god.
  1007 | D:2      | Reached XP level 3. HP: 29/29 MP: 3/3
  1643 | D:3      | Reached XP level 4. HP: 23/37 MP: 4/4
  2070 | D:3      | Found a blossoming altar of Fedhas.
  2130 | D:3      | Reached skill level 1 in Dodging
  2130 | D:3      | Reached XP level 5. HP: 41/42 MP: 5/5
  2235 | D:3      | Noticed Sigmund
  2273 | D:3      | Killed Sigmund
  2274 | D:3      | Reached skill level 5 in Shields
  2274 | D:3      | Reached XP level 6. HP: 49/49 MP: 6/6
  2301 | D:3      | Noticed Jessica
  2316 | D:3      | Killed Jessica
  2418 | D:3      | Found a glowing silver altar of Zin.
  2616 | D:4      | Reached XP level 7. HP: 38/55 MP: 7/7
  2860 | D:4      | Reached skill level 5 in Armour
  2966 | D:4      | Found a white marble altar of Elyvilon.
  3158 | D:4      | Found a staircase to the Ecumenical Temple.
  3167 | Temple   | Entered the Ecumenical Temple
  3209 | Temple   | Became a worshipper of Warmaster Okawaru
  3298 | D:4      | Found a broken altar of Ashenzari.
  3635 | D:5      | Entered Level 5 of the Dungeon
  3659 | D:5      | Reached skill level 5 in Fighting
  3659 | D:5      | Reached skill level 6 in Shields
  3659 | D:5      | Reached XP level 8. HP: 62/62 MP: 8/8
  3747 | D:5      | Noticed Robin
  3747 | D:5      | Noticed Ijyb
  3764 | D:4      | Killed Ijyb
  3864 | D:5      | Reached skill level 1 in Throwing
  4194 | D:5      | Killed Robin
  4614 | D:6      | Reached skill level 5 in Long Blades
  4752 | D:6      | Reached * piety under Okawaru
  4924 | D:6      | Reached skill level 7 in Shields
  5330 | D:6      | Found a shimmering blue altar of Sif Muna.
  5360 | D:7      | Found Pawom's Armour Emporium.
  5479 | D:7      | Reached XP level 9. HP: 68/68 MP: 9/9
  5506 | D:7      | Reached ** piety under Okawaru
  5703 | D:7      | Found a stormy altar of Qazlal.
  5808 | D:7      | Reached skill level 8 in Shields
  5906 | D:7      | Found a shadowy altar of Dithmenos.
  6420 | D:8      | Noticed a boulder beetle
  6616 | D:8      | Found an ornate altar of the Wu Jian Council.
  6711 | D:8      | Killed a boulder beetle
  6711 | D:8      | Reached *** piety under Okawaru
  6712 | D:8      | Reached skill level 9 in Shields
  6712 | D:8      | Reached XP level 10. HP: 77/77 MP: 10/10
  7132 | D:7      | Bought the +0 pair of fencer's gloves {Riposte Dex+3} for
                  | 400 gold pieces
  7132 | D:7      | Found the +0 pair of fencer's gloves {Riposte Dex+3}
  7172 | D:9      | Found Wudihick's Weapon Emporium.
  7223 | D:9      | Reached **** piety under Okawaru
  7385 | D:9      | Bought a +0 great sword for 91 gold pieces
  7515 | D:9      | Noticed Jeremiah
  7553 | D:9      | Noticed Gastronok
  7621 | D:9      | Noticed a kobold demonologist
  7623 | D:9      | Reached skill level 10 in Shields
  7625 | D:9      | Noticed a kobold demonologist
  7700 | D:9      | Noticed a sixfirhy
  7702 | D:9      | Killed a kobold demonologist
  7711 | D:9      | Killed a kobold demonologist
  7865 | D:9      | Killed Gastronok
  7865 | D:9      | Reached ***** piety under Okawaru
  7865 | D:9      | Noticed Grum
  7866 | D:9      | Reached skill level 5 in Dodging
  7866 | D:9      | Reached skill level 11 in Shields
  7866 | D:9      | Reached skill level 1 in Invocations
  7866 | D:9      | Reached XP level 11. HP: 60/84 MP: 9/11
  7867 | D:9      | Killed Grum
  7941 | D:9      | Noticed a two-headed ogre
  7952 | D:9      | Killed a two-headed ogre
  7983 | D:9      | Noticed a six-headed hydra
  7983 | D:9      | Noticed a brown ugly thing
  7983 | D:9      | Noticed a green ugly thing
  7983 | D:9      | Noticed a green ugly thing
  7986 | D:9      | You are sucked into a shaft and drop 3 floors!
  8190 | D:12     | Received a gift from Okawaru
  8215 | D:12     | Found a transporter.
  8216 | D:12     | Noticed Vouseare's ghost (journeyman DrSh)
  8216 | D:12     | Noticed a wolf spider
  8225 | D:12     | Noticed a deep elf pyromancer
  8226 | D:12     | Found a transporter.
  8236 | D:12     | Noticed a manticore
  8240 | D:12     | Killed a manticore
  8287 | D:12     | Reached skill level 12 in Shields
  8638 | D:11     | Noticed Josephine
  8651 | D:11     | Killed Josephine
  8651 | D:11     | Received a gift from Okawaru
  8659 | D:11     | Reached XP level 12. HP: 74/94 MP: 13/13
  8808 | D:10     | Entered Level 10 of the Dungeon
  8829 | D:10     | Found a staircase to the Lair.
  8870 | D:10     | Reached skill level 10 in Long Blades
  8975 | D:10     | Upgraded the game from 0.32-a0-928-g1cae6b7ea0 to
                  | 0.32-a0-938-g40ac7a0f4d
  9384 | D:10     | Found a portal to a secret trove of treasure.
  9559 | D:10     | Noticed a two-headed ogre
  9579 | D:10     | Killed a two-headed ogre
 10020 | D:9      | Killed Jeremiah
 10225 | D:9      | You are sucked into a shaft and drop 1 floor!
 10495 | D:10     | Received a gift from Okawaru
 10496 | D:10     | Reached skill level 13 in Shields
 11533 | D:9      | Killed a four-headed hydra
 11747 | D:11     | Noticed an ice dragon
 11756 | D:11     | Killed an ice dragon
 11762 | D:11     | Received a gift from Okawaru
 11929 | D:10     | Reached XP level 13. HP: 101/102 MP: 15/15
 11964 | D:11     | Noticed a fire dragon
 11984 | D:11     | Killed a fire dragon
 12257 | D:11     | Noticed Maurice
 12271 | D:11     | Killed Maurice
 12383 | D:11     | Noticed Fannar
 12395 | D:11     | Killed Fannar
 12422 | D:11     | Reached skill level 10 in Fighting
 12558 | D:11     | Reached skill level 14 in Shields
 12850 | D:11     | Found a staircase to the Orcish Mines.
 12893 | D:11     | Reached ****** piety under Okawaru
 13147 | Lair:1   | Entered Level 1 of the Lair of Beasts
 13262 | Lair:1   | Received a gift from Okawaru
 13442 | Lair:1   | Reached skill level 10 in Armour
 13946 | Lair:1   | Noticed a catoblepas
 13988 | Lair:1   | Killed a catoblepas
 14280 | Lair:1   | Received a gift from Okawaru
 14281 | Lair:1   | Reached skill level 5 in Invocations
 14707 | Lair:2   | Found a hole to the Spider Nest.
 14709 | Lair:2   | Noticed Amaemon
 14717 | Lair:1   | Reached XP level 14. HP: 25/111 MP: 17/17
 15204 | Lair:2   | Noticed Nergalle
 15209 | Lair:2   | Killed Nergalle
 15673 | Lair:3   | Noticed Urug
 15682 | Lair:3   | Killed Urug
 15803 | Lair:2   | Received a gift from Okawaru
 16099 | Lair:2   | Noticed Maggie
 16111 | Lair:2   | Killed Maggie
 16135 | Lair:2   | Killed Amaemon
 16303 | Lair:2   | Found a staircase to the Shoals.
 16636 | Lair:4   | Reached skill level 15 in Shields
 17114 | Lair:4   | Gained mutation: You have sharp toenails. [potion of
                  | mutation]
 17114 | Lair:4   | Gained mutation: You are frail. (-10% HP) [potion of
                  | mutation]
 17114 | Lair:4   | Gained mutation: You are partially covered in iridescent
                  | scales. (AC +2) [potion of mutation]
 17116 | Lair:4   | Found a frozen archway.
 17117 | Lair:4   | Lost mutation: You are frail. (-10% HP) [potion of
                  | mutation]
 17117 | Lair:4   | Lost mutation: You have sharp toenails. [potion of
                  | mutation]
 17117 | Lair:4   | Lost mutation: You are partially covered in iridescent
                  | scales. (AC +2) [potion of mutation]
 17117 | Lair:4   | Gained mutation: You are dopey. (Int -2) [potion of
                  | mutation]
 17117 | Lair:4   | Gained mutation: You expend magic power (3 MP) to
                  | strengthen your wands. [potion of mutation]
 17126 | IceCv    | Entered an ice cave
 17164 | IceCv    | Received a gift from Okawaru
 17527 | IceCv    | Reached XP level 15. HP: 64/119 MP: 19/19
 17669 | IceCv    | Noticed a frost giant
 17687 | IceCv    | Killed a frost giant
 17899 | IceCv    | Received a gift from Okawaru
 18786 | Lair:3   | Reached skill level 16 in Shields
 19976 | Lair:5   | Entered Level 5 of the Lair of Beasts
 20180 | Lair:5   | Received a gift from Okawaru
 20444 | Lair:5   | Received a gift from Okawaru
 20448 | Lair:5   | Reached skill level 15 in Long Blades
 20885 | Lair:5   | Lost mutation: You expend magic power (3 MP) to strengthen
                  | your wands. [potion of mutation]
 20885 | Lair:5   | Lost mutation: You are dopey. (Int -2) [potion of mutation]
 20885 | Lair:5   | Gained mutation: Your mind is acute. (Int +4, Str/Dex -1)
                  | [potion of mutation]
 20885 | Lair:5   | Gained mutation: You have hidden genetic defects. [potion
                  | of mutation]
 20885 | Lair:5   | Gained mutation: Your muscles are strong. (Str +4, Int/Dex
                  | -1) [potion of mutation]
 20885 | Lair:5   | Gained mutation: You expend magic power (3 MP) to
                  | strengthen your wands. [potion of mutation]
 20886 | Lair:5   | Lost mutation: You expend magic power (3 MP) to strengthen
                  | your wands. [potion of mutation]
 20886 | Lair:5   | Lost mutation: Your mind is acute. (Int +4, Str/Dex -1)
                  | [potion of mutation]
 20886 | Lair:5   | Lost mutation: You have hidden genetic defects. [potion of
                  | mutation]
 20886 | Lair:5   | Gained mutation: Armour fits poorly on your strangely
                  | shaped body. [potion of mutation]
 20887 | Lair:5   | Lost mutation: Your muscles are strong. (Str +4, Int/Dex
                  | -1) [potion of mutation]
 20887 | Lair:5   | Lost mutation: Armour fits poorly on your strangely shaped
                  | body. [potion of mutation]
 20887 | Lair:5   | Gained mutation: You are frail. (-10% HP) [potion of
                  | mutation]
 21047 | Lair:5   | Found a shadowy altar of Dithmenos.
 21189 | Lair:5   | Found a staircase to the Slime Pits.
 21189 | Lair:5   | Found a viscous altar of Jiyva.
 21630 | Lair:5   | Received a gift from Okawaru
 21631 | Lair:5   | Reached XP level 16. HP: 114/114 MP: 21/21
 21987 | Lair:5   | Reached skill level 1 in Evocations
 22476 | Shoals:1 | Entered Level 1 of the Shoals
 22712 | Shoals:1 | Reached skill level 5 in Throwing
 22721 | Shoals:1 | Received a gift from Okawaru
 22974 | Shoals:1 | Reached skill level 17 in Shields
 23088 | Shoals:1 | Noticed Jorgrun
 23098 | Arena    | Entered the Arena
 23105 | Arena    | Killed Jorgrun
 23121 | Shoals:1 | Gained mutation: Potions are less effective at restoring
                  | your health. [a shining eye]
 23134 | Shoals:1 | Found a corrupted altar of Lugonu.
 23140 | Shoals:1 | Found a runed translucent door.
 23141 | Shoals:1 | Found a one-way gate to the infinite horrors of the Abyss.
 23222 | Shoals:1 | Found Foegu's Assorted Antiques.
 23230 | Shoals:1 | Bought an encrusted tourmaline ring for 110 gold pieces
 23527 | Shoals:2 | Noticed Louise
 23542 | Arena    | Entered the Arena
 23560 | Shoals:2 | Killed Louise
 23861 | Orc:1    | Entered Level 1 of the Orcish Mines
 23861 | Orc:1    | Found a roughly hewn altar of Beogh.
 24092 | Orc:2    | Entered Level 2 of the Orcish Mines
 24092 | Orc:2    | Found Kikit's Weapon Emporium.
 24101 | Orc:2    | Received a gift from Okawaru
 24282 | Orc:1    | Reached XP level 17. HP: 47/121 MP: 23/23
 24552 | Orc:2    | Received a gift from Okawaru
 24565 | Orc:2    | Found Meddiol's Armour Boutique.
 24580 | Orc:2    | Bought 6 atropa-tipped darts for 70 gold pieces
 24585 | Orc:2    | Found Arempar's Assorted Antiques.
 24587 | Orc:2    | Found Butyteh's Armour Emporium.
 24746 | Orc:2    | Bought a ruby potion for 27 gold pieces
 24746 | Orc:2    | Bought a fuming green potion for 27 gold pieces
 24751 | Orc:2    | Bought a +2 pair of gloves for 214 gold pieces
 24857 | Orc:2    | Found a roughly hewn altar of Beogh.
 25028 | Orc:2    | Found a staircase to the Elven Halls.
 25271 | Elf:1    | Entered Level 1 of the Elven Halls
 25944 | Shoals:2 | Reached skill level 18 in Shields
 26097 | Arena    | Entered the Arena
 26469 | Shoals:1 | Received a gift from Okawaru
 27217 | Shoals:2 | Noticed a kraken
 27230 | Shoals:2 | Killed a kraken
 27992 | Shoals:3 | Found a burning altar of Makhleb.
 28261 | Shoals:3 | Received a gift from Okawaru
 28956 | Shoals:3 | Reached XP level 18. HP: 116/129 MP: 25/25
 29068 | Shoals:3 | Received a gift from Okawaru
 29071 | Shoals:3 | Reached skill level 10 in Dodging
 29121 | Shoals:3 | Identified the +6 sling "Tefaik" {speed, rPois Will- Int+2
                  | Dex+3}
 29234 | Shoals:4 | Entered Level 4 of the Shoals
 29610 | Shoals:4 | HP: 4/130 [alligator snapping turtle (11)]
 29615 | Shoals:4 | HP: 2/130 [merfolk aquamancer/+2 rapier of protection (10)]
 29615 | Shoals:4 | Annihilated by an alligator snapping turtle

Illustrated notes

Levels and vault maps discovered:
D:1:      minmay_arrival_widening_spiral_wide, layout_loops_corners,
          serial_bayou_lake_a
D:2:      layout_loops_ring, nicolae_ecumenical_pavilion, minmay_cupped
D:3:      layout_basic, zin_treasury, mainiacjoe_overflow_24_doors,
          nicolae_figureground_sparkle, uniq_sigmund, uniq_jessica
D:4:      layout_loops_cross, lemuel_doored_altar, elyvilon_altar_1,
          minmay_temple_entry_drinking_statues
D:5:      layout_loops_ring, nicolae_goblin_pals
D:6:      layout_basic, kennysheep_mini
D:7:      layout_basic, mainiacjoe_overflow_cross_hatched,
          grunt_dithmenos_shadows, nicolae_take_the_stairs,
          kennysheep_another_room, minmay_stone_trees_medium
D:8:      layout_loops_ring, mainiacjoe_overflow_concentric_impassable
D:9:      minmay_slanted_spiral_squares, layout_cave_pools, enter_bailey_2,
          serial_shops, shop, nrook_uturn, hangedman_decor_diamond_cutter,
          minmay_misc_feat_square, einodemon_armed_red_devil_minivault,
          uniq_jeremiah, uniq_gastronok, uniq_grum
D:10:     layout_roguey [special_room_orc], david_lair_generic,
          nicolae_trove_entry_diagonal
D:11:     layout_roguey [special_room_kobold],
          kennysheep_orc_monster_closet_entryway,
          minmay_fractal_squares_gapless_7, uniq_josephine, uniq_maurice,
          uniq_fannar
D:12:     layout_grid_maze, gammafunk_ghost_arena, uniq_kirke
Temple:   zaba_magenta_temple
Lair:1:   layout_loops_ring, serial_bayou_shore_b, lemuel_fruit_tree,
          grunt_megastairs_1, serial_bayou_shore_a
Lair:2:   layout_gridlike, mainiacjoe_shoals_entry_four_pools,
          spider_nest_entry_a, uniq_maggie, uniq_amaemon, uniq_nergalle
Lair:3:   layout_hall_layers, ldierk_geyser, uniq_urug
Lair:4:   layout_hall_layers, portal_ice_cave_entry_animals_and_master,
          serial_bayou_pond_b, grunt_megastairs_3
Lair:5:   wormcave, layout_gridlike, hangedman_lair_tendril_chambers,
          slime_entry_1, basic_altar
Shoals:1: layout_shoals, serial_shops, nicolae_shop_overgrown_old_shop,
          nicolae_shoals_abyss_on_the_beach, uniq_jorgrun
Shoals:2: layout_shoals, nicolae_shoals_water_shrine, uniq_louise
Shoals:3: nicolae_shoals_aurelia_aurita, layout_shoals, lemuel_altar_in_water,
          nicolae_shoals_enchanted_isle
Shoals:4: shoals_end_grunt_ice, layout_shoals
Orc:1:    layout_diamond_mine, basic_altar
Orc:2:    st_orc_open, layout_caves, basic_altar, nicolae_orc_crystal_geode
Elf:1:    minmay_elf_arrival_circle, layout_loops_cross, serial_shops,
          shop_scrolls, hangedman_corner_corridor

Skill      XL: |  1  2  3  4  5  6  7  8  9 10 11 12 13 14 15 16 17 18 |
---------------+-------------------------------------------------------+-----
Armour         | 4 5 6 7 8 9 10 11 12 | 12.7
Dodging        | 1 2 3 4 5 6 7 8 9 10 | 10.0
Fighting       | 4 5 6 7 8 9 10 11 12 13 | 13.6
Long Blades    | 3 4 5 7 8 9 11 12 14 15 16 17 | 17.7
Shields        | 5 6 7 9 11 12 13 14 15 16 17 18 | 18.9
Throwing       | 1 2 3 4 5 6 |  6.0
Invocations    | 1 2 3 5 6 7 8 9 |  9.9
Evocations     | 1 |  1.2

Action                     |  1- 3 |  4- 6 |  7- 9 | 10-12 | 13-15 | 16-18 || total
---------------------------+-------+-------+-------+-------+-------+-------++-------
  Melee: Long sword        |    91 |    62 |    71 |       |       |       ||   224
         Double sword      |       |       |   200 |    17 |   292 |       ||   509
         Great sword       |       |       |       |   308 |   487 |   734 ||  1529
         Scimitar          |       |       |       |     2 |    59 |       ||    61
  Throw: Dart              |       |     4 |    32 |    30 |   182 |    57 ||   305
         Javelin           |       |       |       |     5 |    41 |    71 ||   117
 Invoke: Heroism           |       |       |       |     4 |     2 |     5 ||    11
         Finesse           |       |       |       |     1 |       |     4 ||     5
         Duel              |       |       |       |       |       |     3 ||     3
Ability: Dig               |       |     2 |       |     3 |       |       ||     5
         Shaft Self        |       |       |       |     2 |       |       ||     2
  Evoke: Wand              |       |       |     2 |     6 |    10 |     1 ||    19
         Gell's gravitambo |       |       |       |       |     2 |     2 ||     4
    Use: Potion            |       |     1 |     1 |     6 |     9 |     5 ||    22
         Scroll            |       |     5 |       |     1 |    19 |     8 ||    33
 Armour: Scale mail        |    82 |    37 |    42 |       |       |       ||   161
         Chain mail        |       |       |   119 |   161 |     7 |       ||   287
         Ice dragon scales |       |       |       |       |   358 |   219 ||   577
         Crystal plate arm |       |       |       |       |       |   221 ||   221
  Dodge: Dodged            |    43 |    16 |    47 |    96 |   209 |   211 ||   622
  Block: Buckler           |    17 |     9 |       |       |       |       ||    26
         Tower shield      |       |    10 |   292 |   445 |   964 |  1071 ||  2782
Riposte: Great sword       |       |       |       |   148 |   203 |   280 ||   631
         Double sword      |       |       |       |     6 |   127 |       ||   133
         Scimitar          |       |       |       |     1 |    30 |       ||    31

Table legend: (Time is in decaauts)
 A = Elapsed time spent in this place.
 B = Non-inter-level travel time spent in this place.
 C = Inter-level travel time spent in this place.
 D = Time resting spent in this place.
 E = Time spent auto-exploring this place.
 F = Levels seen in this place.
 G = Mean time per level.
                   A        B        C        D        E       F      G
               +--------+--------+--------+--------+--------+-----+--------+
         Total |  30065 |  29130 |    935 |   4487 |  14540 |  29 | 1036.7 |
       Dungeon |  13654 |  13147 |    507 |   1610 |   6841 |  12 | 1137.8 |
        Temple |     48 |     48 |      0 |      0 |      0 |   1 |   48.0 |
          Lair |   8396 |   8063 |    333 |   1051 |   4454 |   5 | 1679.2 |
        Shoals |   5124 |   5095 |     29 |   1135 |   2018 |   4 | 1281.0 |
  Orcish Mines |   1604 |   1540 |     64 |    407 |    705 |   2 |  802.0 |
   Elven Halls |      4 |      4 |      0 |      0 |      0 |   1 |    4.0 |
      Ice Cave |   1185 |   1185 |      0 |    267 |    522 |   1 | 1185.0 |
         Arena |     48 |     48 |      0 |     17 |      0 |   3 |   16.0 |
               +--------+--------+--------+--------+--------+-----+--------+

Top non-repeatable levels by time:
  Lair:5: 2303 daAuts
Shoals:1: 2150 daAuts
  Lair:1: 2063 daAuts
     D:9: 1769 daAuts
    D:11: 1762 daAuts
    D:10: 1731 daAuts
  Lair:2: 1605 daAuts
     D:8: 1464 daAuts
  Lair:4: 1399 daAuts
Shoals:2: 1314 daAuts
Shoals:3: 1279 daAuts
   IceCv: 1185 daAuts
     D:4: 1077 daAuts
     D:3: 1071 daAuts
  Lair:3: 1025 daAuts
